 Dungeon Crawl Stone Soup version 0.25-a0-589-g1e14c54 (webtiles) character file.

Game seed: 4929271480036497101, levelgen mode: deterministic

49 Anathematize the Grasshopper (level 3, -1/28 HPs)
             Began as a Demonspawn Warper on Mar 9, 2020.
             Slain by a sky beast (5 damage)
             ... on level 1 of the Dungeon.
             The game lasted 00:05:53 (2144 turns).

Anathematize the Grasshopper (Demonspawn Warper)    Turns: 2144, Time: 00:05:54

Health: -1/28      AC:  3    Str: 12    XL:     3   Next: 51%
Magic:  0/6        EV: 12    Int: 14    God:
Gold:   66         SH:  0    Dex: 12    Spells: 4/6 levels left

rFire    . . .     SeeInvis .   a - +0 hand axe
rCold    . . .     Gourm    .   (no shield)
rNeg     . . .     Faith    .   b - +0 leather armour
rPois    .         Spirit   +   (no helmet)
rElec    .         Reflect  .   (no cloak)
rCorr    .         Harm     .   (no gloves)
MR       .....                  (no boots)
Stlth    +.........             (no amulet)
HPRegen  0.09/turn              (no ring)
MPRegen  0.10/turn              (no ring)

@: no status effects
A: talons 1, magic shield
a: no special abilities


You were on level 1 of the Dungeon.
You were hungry.

You visited 1 branch of the dungeon, and saw 2 of its levels.

You collected 66 gold pieces.

Inventory:

Hand Weapons
 a - a +0 hand axe (weapon)
 n - a +0 hunting sling
Missiles
 h - 17 stones (quivered)
 q - 24 sling bullets
Armour
 b - a +0 leather armour (worn)
Jewellery
 o - a cursed ring of teleportation {unknown}
Scrolls
 c - a scroll of enchant weapon {unknown}
 d - a scroll of blinking
 i - 2 scrolls of remove curse {unknown}
 j - a scroll of magic mapping {unknown}
 m - a scroll of teleportation {unknown}
 s - a scroll of identify {unknown}
Potions
 e - a potion of mutation {unknown}
 g - a potion of lignification {unknown}
 k - a potion of curing {unknown}
 l - a potion of invisibility {unknown}
 p - a potion of haste {unknown}
Comestibles
 f - 6 rations


   Skills:
 + Level 2.4 Fighting
 * Level 2.5 Axes
 + Level 1.5 Throwing
 + Level 1.5 Armour
 - Level 2.0 Dodging
 - Level 2.0 Spellcasting
 - Level 2.6 Translocations


You had 4 spell levels left.
You knew the following spells:

 Your Spells              Type           Power        Failure   Level  Hunger
a - Blink                 Tloc           N/A          16%         2    ###....

Your spell library contained the following spells:

 Spells                   Type           Power        Failure   Level  Hunger
 Shroud of Golubria       Chrm/Tloc      #.....       26%         2    ###....
 Gell's Gravitas          Tloc           #.........   30%         3    ####...
 Lesser Beckoning         Tloc           #.........   30%         3    ####...
 Teleport Other           Tloc           #.......     30%         3    ####...
 Passage of Golubria      Tloc           N/A          69%         4    #####..


Dungeon Overview and Level Annotations

Branches:
Dungeon (2/15)

Altars:

Annotations:
D:2 exclusion: upstairs, Terence


Innate Abilities, Weirdness & Mutations

You have sharp toenails.
When hurt, damage is shared between your health and your magic reserves.


Message History

The sky beast is heavily wounded.
Firing (i - inventory. (/) - cycle)
h - 18 stones (quivered)
Press: ? - help, Shift-Dir - straight line, f/p - sky beast
Aim: a sky beast (heavily wounded)
You shoot a stone. The stone hits the sky beast!
The sky beast is severely wounded.
a - a +0 hand axe (weapon)
You hit the sky beast.
The sky beast is almost dead.
The sky beast barely misses you.
You hit the sky beast but do no damage.
The sky beast is almost dead.
The sky beast hits you. The sky beast shocks you. The sky beast hits you.
The sky beast shocks you.
You completely miss the sky beast.
The sky beast is almost dead.
The sky beast hits you. The sky beast shocks you.
* * * LOW HITPOINT WARNING * * *
The sky beast hits you. The sky beast shocks you.
You die...

#.# #.# #.# #.# #.# #)#
#########.# #########
.>........###.......#
#######.........@...#
#....≈≈≈≈≈.≈≈≈Y..#
#.##.≈≈≈≈≈.≈≈≈≈..#
####.#..≈≈≈≈≈.≈≈≈≈..#######
{....#.(≈≈≈≈≈.≈≈≈≈..≈(.((.#
#######(......≈≈≈≈.######.#
..#..(..≈≈≈≈.......# #(#
#.#.###.≈≈≈≈.≈≈≈≈≈.# #(#
#.#.# #.≈≈≈≈.≈≈≈≈≈.# #.#


You could see a sky beast.

Vanquished Creatures
  An adder (D:2)
  3 dart slugs
  A leopard gecko (D:2)
  A ball python (D:2)
  2 giant cockroaches (D:1)
  6 goblins
  2 hobgoblins
  5 jackals (D:2)
  4 kobolds
  A quokka (D:2)
  2 frilled lizards (D:1)
  A rat (D:1)
29 creatures vanquished.

Notes
Turn   | Place    | Note
-------+----------+-------------------------------------------
     0 | D:1      | Anathematize the Demonspawn Warper began the quest for the
                  | Orb.
     0 | D:1      | Reached XP level 1. HP: 16/16 MP: 3/3
   197 | D:1      | Reached skill level 1 in Armour
   219 | D:1      | Reached skill level 1 in Throwing
   380 | D:1      | Gained mutation: You have sharp toenails. [demonic
                  | ancestry]
   380 | D:1      | Reached XP level 2. HP: 14/22 MP: 5/5
  1020 | D:2      | Noticed a sky beast
  1026 | D:1      | Learned a level 2 spell: Blink
  1545 | D:2      | Gained mutation: When hurt, damage is shared between your
                  | health and your magic reserves. [demonic ancestry]
  1545 | D:2      | Reached XP level 3. HP: 26/27 MP: 6/6
  1553 | D:2      | Noticed Terence
  2144 | D:1      | Slain by a sky beast

Levels and vault maps discovered:
D:1:      onia_arrival_mini_spirals, layout_basic, minivault_14,
          grunt_decor_one_mirror
D:2:      layout_basic, fedhas_altar_fruit_tree, uniq_terence,
          uniq_crazy_yiuf_cottage

Skill      XL: |  1  2 |
---------------+-------+-----
Armour         | 1 |  1.5
Throwing       | 1 |  1.5
Axes           | 2 |  2.5
Dodging        | 2 |  2.0
Fighting       | |  2.4
Spellcasting   | |  2.0
Translocations | |  2.6

Action                   || total
-------------------------++-------
Melee: Hand axe          ||    94
       Kick              ||    15
 Fire: Hunting sling     ||    29
Throw: Stone             ||     5
       Boomerang         ||     5
 Cast: Blink             ||    11
  Eat: Chunk             ||     4
Armor: Leather armour    ||    20
Dodge: Dodged            ||    79

Table legend:
 A = Non-vault XP
 B = Vault XP
 C = Vault XP percentage of total XP
 D = Non-vault monster count
 E = Vault monster count
 F = Vault count percentage of total count
                 A         B        C        D         E       F
            +---------+---------+-------+---------+---------+-------
      Total |      70 |       0 |   0.0 |      29 |       0 |   0.0
            +---------+---------+-------+---------+---------+-------
        D:1 |      21 |       0 |   0.0 |      11 |       0 |   0.0
        D:2 |      49 |       0 |   0.0 |      18 |       0 |   0.0
            +---------+---------+-------+---------+---------+-------
